 Dungeon Crawl Stone Soup version 0.30-a0-782-ge64f9170bb (webtiles) character file.

Game seed: 16866033646351165149

1176 mopl the Sneak (level 8, 0/36 HPs)
             Began as a Vine Stalker Enchanter on Mar 3, 2023.
             Was a Follower of Kikubaaqudgha.
             Killed by divine providence
             ... invoked by an orc priest
              (11 damage)
             ... on level 6 of the Dungeon.
             The game lasted 00:07:32 (5312 turns).

mopl the Sneak (Vine Stalker Enchanter)             Turns: 5312, Time: 00:07:33

Health: 0/36       AC:  5    Str: 12    XL:     8   Next: 41%
Magic:  0/16       EV: 12    Int: 17    God:    Kikubaaqudgha [*.....]
Gold:   209        SH:  0    Dex: 14    Spells: 6/17 levels left

rFire   + . .      SeeInvis .    a - +2 dagger (freeze)
rCold   . . .      Faith    .    (no shield)
rNeg    . . .      Spirit   +    y - +2 robe {rF+}
rPois   .          Reflect  .    (no helmet)
rElec   .          Harm     .    d - +0 cloak
rCorr   .          Rampage  .    (no gloves)
Will    +....                    (no boots)
Stlth   +++                      (no amulet)
HPRegen 1.06/turn                (no ring)
MPRegen 0.15/turn                (no ring)

@: no status effects
A: fangs 3, regeneration 1, magic shield, antimagic bite, no potion heal 2
a: Renounce Religion, Unearth Wretches


You were on level 6 of the Dungeon.
You worshipped Kikubaaqudgha.
Kikubaaqudgha was aware of your devotion.
You visited 2 branches of the dungeon, and saw 7 of its levels.

You collected 209 gold pieces.

Inventory:

Hand Weapons
 a - a +2 dagger of freezing (weapon)
Missiles
 f - 12 boomerangs
 m - 6 silver boomerangs
 t - 3 curare-tipped darts
 u - 4 poisoned darts
Armour
 d - a +0 cloak (worn)
 y - a +2 robe of fire resistance (worn)
Wands
 s - a wand of flame (20)
 w - a wand of quicksilver (6)
 A - a wand of digging (8)
 C - a wand of iceblast (12)
Scrolls
 b - a scroll of immolation {unknown}
 h - a scroll of vulnerability {unknown}
 j - a scroll of fear {unknown}
 l - 5 scrolls of identify {unknown}
 n - 3 scrolls of poison {unknown}
 q - a scroll of teleportation {unknown}
 r - a scroll of enchant armour {unknown}
 v - a scroll of blinking {unknown}
 z - a scroll of noise {unknown}
 B - a scroll of enchant weapon {unknown}
Potions
 c - 2 potions of invisibility
 e - 4 potions of curing {unknown}
 g - 2 potions of flight {unknown}
 i - 2 potions of cancellation {unknown}
 k - 2 potions of heal wounds {unknown}
 o - 3 potions of mutation {unknown}
 p - a potion of attraction {unknown}
 x - a potion of brilliance {unknown}
 D - a potion of magic {unknown}


   Skills:
 + Level 4.1 Short Blades
 - Level 1.5 Dodging
 + Level 6.9 Stealth
 + Level 5.0 Spellcasting
 + Level 5.4 Hexes
 + Level 2.7 Necromancy
 + Level 0.5 Evocations


You had 6 spell levels left.
You knew the following spells:

 Your Spells              Type           Power      Damage    Failure   Level
b - Ensorcelled Hibernat  Hex/Ice        26%        N/A       7%          2
c - Confusing Touch       Hex            22%        N/A       4%          3
d - Tukima's Dance        Hex            22%        N/A       4%          3
f - Dazzling Flash        Conj/Hex       26%        N/A       14%         3

Your spell library contained the following spells:

 Spells                   Type           Power      Damage    Failure   Level
 Necrotise                Necr           52%        1d6       4%          1
 Sublimation of Blood     Necr           13%        N/A       7%          2
 Cigotuvi's Dreadful Rot  Necr/Pois/Air  14%        N/A       14%         2
 Animate Dead             Necr           13%        N/A       41%         4


Dungeon Overview and Level Annotations

Branches:
Dungeon (6/15)             Temple (1/1) D:4

Altars:
Ashenzari
Cheibriados
Dithmenos
Elyvilon
Fedhas
Hepliaklqana
Kikubaaqudgha
Nemelex Xobeh
Okawaru
Ru
Vehumet
Wu Jian
Zin
The Shining One

Shops:
D:3 =


Innate Abilities, Weirdness & Mutations

You have razor-sharp teeth.
Your natural rate of healing is unusually fast.
When hurt, damage is shared between your health and your magic reserves.
Your bite disrupts and absorbs the magic of your enemies.
Potions cannot restore your health.


Message History

The orc priest resists with some effort.
The orc priest mumbles some strange prayers to Beogh against you.
Beogh smites you!
The orc priest resists with some effort.
The orc priest hits you but does no damage.
The orc hits you but does no damage.
The orc priest resists with some effort.
The orc priest miscasts a cantrip.
The orc hits you but does no damage.
The orc priest resists with some effort.
The orc priest looks braver for a moment.
The orc closely misses you.
You don't have enough magic to cast this spell.
You hit the orc priest. You freeze the orc priest.
The orc priest is heavily wounded.
The orc priest barely misses you. The orc closely misses you.
You hit the orc priest but do no damage.
You bite the orc priest. You drain its power.
You feel invigorated.
The orc priest is severely wounded.
The orc priest mumbles some strange prayers to Beogh against you.
Beogh smites you!
The orc closely misses you. x2; The orc misses you.
You are too injured to fight recklessly!
Okay, then.
You hit the orc priest but do no damage.
The orc priest is severely wounded.
The orc misses you.
The orc priest hits you with a +0 dagger.
The orc misses you. The orc hits you with a +0 club.
You hit the orc priest. You freeze the orc priest.
You kill the orc priest!
Kikubaaqudgha accepts your kill. The orc hits you but does no damage.
The orc hits you with a +0 short sword.
* * * LOW HITPOINT WARNING * * *
The orc misses you. The orc attacks as you move away!
The orc barely misses you. The orc attacks as you move away!
The orc closely misses you.
The orc priest invokes the aid of Beogh against you.
Beogh smites you!
You die...
Kikubaaqudgha rasps: "You have failed me!
Welcome... death!"

###.## ##.# #....# ##.# ##
#....# ##..#
#.##....###...#
##.......##....####
.####.......†#.o......###
.......<..[..o)oo.......##
#####........##go........#
#.........###@........#
#.....o.o..###.......##
#..o.....o..# ##......##
#...[........ ###.....##
#............ ##..)..##
#............ ##.....##
#......## ## ##......###.
##......#.#


You could see an orc priest, a gnoll and 4 orcs.

Vanquished Creatures
  Sigmund (D:2)
  Menkaure (D:5)
  Duvessa (D:4)
  A centaur (D:5)
  A necrophage (D:5)
  A scorpion (D:5)
  A hound (D:5)
  3 orc priests
  A gnoll bouda (D:5)
  3 iguanas
  Natasha (thrice) (D:2)
  7 gnolls
  6 adders
  A worm (D:2)
  12 orcs
  13 endoplasms
  4 giant cockroaches
  6 goblins
  10 hobgoblins
  6 jackals (D:2)
  4 quokkas
  8 ball pythons
  3 bats
  2 frilled lizards
  7 kobolds
  4 rats
110 creatures vanquished.

Vanquished Creatures (collateral kills)
  Dowan (D:4)
  Crazy Yiuf (D:5)
2 creatures vanquished.

Vanquished Creatures (others)
  Pikel (D:4)
  A dancing weapon (D:4)
2 creatures vanquished.

Grand Total: 114 creatures vanquished

Notes
Turn   | Place    | Note
-------+----------+-------------------------------------------
     0 | D:1      | mopl the Vine Stalker Enchanter began the quest for the
                  | Orb.
     0 | D:1      | Reached XP level 1. HP: 9/9 MP: 4/4
    34 | D:1      | Reached skill level 1 in Short Blades
    93 | D:1      | Reached XP level 2. HP: 7/13 MP: 4/6
   277 | D:1      | Reached skill level 4 in Stealth
   492 | D:1      | Reached XP level 3. HP: 16/16 MP: 7/7
   495 | D:1      | Learned a level 2 spell: Ensorcelled Hibernation
   499 | D:1      | Learned a level 3 spell: Confusing Touch
  1052 | D:2      | Noticed Natasha
  1060 | D:2      | Killed Natasha
  1150 | D:2      | Gained mutation: Your natural rate of healing is unusually
                  | fast. [Vine Stalker growth]
  1150 | D:2      | Reached XP level 4. HP: 21/21 MP: 9/9
  1156 | D:2      | Learned a level 3 spell: Tukima's Dance
  1272 | D:2      | Reached skill level 2 in Short Blades
  1325 | D:2      | Reached skill level 3 in Spellcasting
  1382 | D:2      | Noticed Sigmund
  1412 | D:2      | Killed Sigmund
  1413 | D:2      | Reached skill level 5 in Stealth
  1413 | D:2      | Reached skill level 4 in Hexes
  1413 | D:2      | Reached XP level 5. HP: 23/24 MP: 0/11
  1413 | D:2      | Reached XP level 6. HP: 27/28 MP: 0/12
  2180 | D:2      | Noticed Natasha
  2188 | D:2      | Killed Natasha
  2269 | D:2      | Noticed Natasha
  2281 | D:2      | Killed Natasha
  2959 | D:3      | Reached skill level 3 in Short Blades
  3220 | D:3      | Found a faded altar of an unknown god.
  3231 | D:3      | Found Noruh's Jewellery Boutique.
  3632 | D:4      | Learned a level 3 spell: Dazzling Flash
  3668 | D:4      | Reached skill level 4 in Spellcasting
  3760 | D:4      | Found a staircase to the Ecumenical Temple.
  3804 | Temple   | Entered the Ecumenical Temple
  3866 | Temple   | Became a worshipper of Kikubaaqudgha
  3939 | D:4      | Noticed Pikel
  3939 | D:4      | Noticed Duvessa
  3939 | D:4      | Noticed Dowan
  3954 | D:4      | Killed Dowan
  3955 | D:4      | Reached XP level 7. HP: 32/32 MP: 14/14
  3956 | D:4      | Your ally Pikel died
  3974 | D:4      | HP: 1/32 [Duvessa (8)]
  3975 | D:4      | Killed Duvessa
  3976 | D:4      | Reached skill level 6 in Stealth
  3976 | D:4      | Reached skill level 1 in Necromancy
  4488 | D:5      | Entered Level 5 of the Dungeon
  4548 | D:5      | Noticed Menkaure
  4559 | D:5      | Killed Menkaure
  4559 | D:5      | Reached * piety under Kikubaaqudgha
  4559 | D:5      | Received a gift from Kikubaaqudgha
  4560 | D:5      | Reached skill level 5 in Hexes
  4560 | D:5      | Reached skill level 2 in Necromancy
  4569 | D:5      | Found a runed translucent door.
  4570 | D:5      | Noticed Crazy Yiuf
  4579 | D:5      | Killed Crazy Yiuf
  4580 | D:5      | Gained mutation: You have razor-sharp teeth. [Vine Stalker
                  | growth]
  4580 | D:5      | Reached XP level 8. HP: 36/36 MP: 13/15
  4823 | D:5      | Reached skill level 4 in Short Blades
  5130 | D:5      | Reached skill level 5 in Spellcasting
  5312 | D:6      | Killed from afar by an orc priest

Illustrated notes

Levels and vault maps discovered:
D:1:      lightli_arrival_quake, layout_basic
D:2:      layout_loops_corners, uniq_natasha, uniq_sigmund
D:3:      kb_forest_paths, layout_basic, serial_shops, shop,
          ebering_ecumenical_altar_hall, minmay_door_square
D:4:      layout_basic, minmay_temple_entry_hall, nrook_loot_triangle,
          uniq_pikel, uniq_duvessa
D:5:      minmay_polygon_palace, layout_loops_corners, uniq_crazy_yiuf_cottage,
          uniq_menkaure
D:6:      layout_cave_pods
Temple:   eino_temple_lava

Skill      XL: |  1  2  3  4  5  6  7  8 |
---------------+-------------------------+-----
Short Blades   | 1 2 3 4 |  4.1
Stealth        | 4 5 6 |  6.9
Spellcasting   | 3 4 5 |  5.0
Hexes          | 4 5 |  5.4
Necromancy     | 2 |  2.7
Dodging        | |  1.5
Evocations     | |  0.5

Action                     |  1- 3 |  4- 6 |  7- 9 || total
---------------------------+-------+-------+-------++-------
  Melee: Dagger            |    67 |   109 |   101 ||   277
         Bite              |    14 |    20 |    27 ||    61
         Punch             |       |       |     1 ||     1
   Cast: Ensorcelled Hiber |     1 |    11 |    16 ||    28
         Tukima's Dance    |       |       |     5 ||     5
         Confusing Touch   |       |       |     2 ||     2
  Evoke: Wand              |       |     3 |       ||     3
    Use: Potion            |       |       |     1 ||     1
   Stab: Sleeping          |     7 |    18 |    10 ||    35
         Invisible         |       |       |     2 ||     2
         Confused          |       |       |     2 ||     2
 Armour: Robe              |    13 |    17 |    18 ||    48
  Dodge: Dodged            |    29 |    46 |    65 ||   140

Table legend: (Time is in decaauts)
 A = Elapsed time spent in this place.
 B = Non-inter-level travel time spent in this place.
 C = Inter-level travel time spent in this place.
 D = Time resting spent in this place.
 E = Time spent auto-exploring this place.
 F = Levels seen in this place.
 G = Mean time per level.
                   A        B        C        D        E       F      G
               +--------+--------+--------+--------+--------+-----+--------+
         Total |   5272 |   5084 |    188 |    254 |   3992 |   7 |  753.1 |
       Dungeon |   5203 |   5023 |    180 |    254 |   3943 |   6 |  867.2 |
        Temple |     69 |     62 |      7 |      0 |     49 |   1 |   69.0 |
               +--------+--------+--------+--------+--------+-----+--------+

Top non-repeatable levels by time:
     D:2: 1634 daAuts
     D:3: 1077 daAuts
     D:1: 897 daAuts
     D:4: 777 daAuts
     D:5: 737 daAuts
     D:6: 77 daAuts
  Temple: 69 daAuts
